AoeStats
← [GDL] HANNIBAL

Arena

508904168Analyzed
2v2 RM · 8d ago on Sep 24, 2026· 38m 9s· 4 players
Game mode
Random Map
Map size
Medium (4 player)
Population
200
Speed
Normal
Resources
Standard
Victory
Conquest
Starting age
Dark Age
Ending age
Imperial Age
RankedLock teamsTeams togetherTeam positionsShared explorationLock speedFull tech treeHidden civsTurbo modeCheats
Victory
Defeat
🇲🇽 Saxons · Mexico
1339
+11
🇲🇽 Hindustanis · Mexico
1026
+23
🇮🇹 Celts · Italy
1222
-18
🇮🇹 Teutons · Italy
1188
-16
[GDL] HANNIBAL
10:18 Feudal Age
11:55 Loom
14:13 Castle Age
12:33 Scale Mail Armor
13:00 Double-Bit Axe
13:34 Horse Collar
14:09 Forging
15:03 Bow Saw
17:46 Town Watch
20:12 Squires
20:38 Gambesons
25:19 Wheelbarrow
24:47 Heavy Plow
26:10 Chain Mail Armor
27:56 Iron Casting
30:31 Fletching
33:14 Arson
33:51 Bodkin Arrow
Atila el tres
5:02 Loom
10:20 Feudal Age
15:27 Castle Age
13:33 Double-Bit Axe
17:06 Fletching
20:34 Scale Mail Armor
23:38 Gold Mining
24:34 Forging
28:01 Horse Collar
28:16 Stone Mining
35:20 Imperial Age
37:35 Iron Casting
37:16 Chain Mail Armor
39:43 Chemistry
Silverchain
9:44 Loom
11:32 Feudal Age
15:38 Castle Age
15:49 Double-Bit Axe
17:17 Bow Saw
16:47 Pikeman
Il Gallaccio
10:53 Feudal Age
15:00 Castle Age
13:18 Double-Bit Axe
13:15 Horse Collar
17:14 Bow Saw
24:03 Wheelbarrow
25:34 Forging
26:58 Scale Mail Armor
28:11 Heavy Plow
29:25 Iron Casting
32:19 Imperial Age
30:34 Gold Mining
31:05 Chain Mail Armor
32:48 Hand Cart
33:46 Stone Mining
34:30 Ballistics
35:12 Conscription
36:22 Blast Furnace
36:50 Elite Woad Raider
38:01 Plate Mail Armor
Connection lost

Rejoining the realm…

Still unreachable

The connection could not be restored.

Session expired

The server has moved on; the page needs a fresh start.